[ AOE2 MATCH · #505199175 ]
UnrankedCelts vs Byzantines
Player's team · LOSS
[ REPLAY ANALYSIS · EXTRACTED FROM THE RECORDED GAME ]
Feudal
10:08
Castle
13:38
Imperial
—
| APM avg | 42.2 |
| APM peak | 68 |
| eAPM avg | 20.8 |
| Villagers / military | 30 / 9 |
Focus
⚔️ 42.3% · 🌾 57.7%
Woad Raider ×5 · Mangonel ×2 · Scorpion ×2
Feudal
9:52
Castle
—
Imperial
—
| APM avg | 55.9 |
| APM peak | 74 |
| eAPM avg | 23.4 |
| Villagers / military | 50 / 23 |
Focus
⚔️ 40.6% · 🌾 59.4%
Archer ×23
Match map
Initial resources + every placement click. Lines = walls · curves = elevation contours. ◆ gold · ⬟ stone · ● berries · ✦ relic · ◌ wall gap
Your base· Open — opponent sealed themselves in
m4rco's base· ✓ Closed at 12:00 · 50t walls · 1 gate(s)
Smoothed initial terrain · ◌ = detected wall gap · hover for details
Inputs per minute
— Savage - - m4rco
Build order — Savage
69 actions detected in the replay
| 0:00 | Queue | Villager (Male) |
| 0:01 | Queue | Villager (Male) |
| 0:01 | Queue | Villager (Male) |
| 0:03 | Build | House |
| 0:04 | Build | House |
| 0:11 | Queue | Villager (Male) |
| 0:11 | Queue | Villager (Male) |
| 1:33 | Queue | Villager (Male) |
| 2:02 | Queue | Villager (Male) |
| 2:02 | Queue | Villager (Male) |
| 2:02 | Queue | Villager (Male) |
| 2:45 | Queue | Villager (Male) |
| 2:54 | Queue | Villager (Male) |
| 2:54 | Queue | Villager (Male) |
| 3:47 | Build | Lumber Camp |
| 3:57 | Queue | Villager (Male) |
| 4:27 | Queue | Villager (Male) |
| 4:27 | Queue | Villager (Male) |
| 4:56 | Build | Mill |
| 5:03 | Queue | Villager (Male) |
| 5:03 | Queue | Villager (Male) |
| 5:03 | Queue | Villager (Male) |
| 5:03 | Queue | Villager (Male) |
| 5:58 | Build | House |
| 6:43 | Queue | Villager (Male) |
| 6:43 | Queue | Villager (Male) |
| 7:13 | Research | Loom |
| 7:27 | Build | Mining Camp |
| 7:37 | Research | Feudal Age |
| 9:48 | Queue | Villager (Male) |
| 10:08 | Age | Feudal Age |
| 10:11 | Queue | Villager (Male) |
| 10:13 | Build | Market |
| 10:14 | Build | Blacksmith |
| 10:33 | Build | Mining Camp |
| 10:58 | Research | Castle Age |
| 11:23 | Build | House |
| 13:29 | Queue | Villager (Male) |
| 13:35 | Research | Scale Mail Armor |
| 13:38 | Age | Castle Age |
| 13:44 | Build | Castle |
| 13:57 | Build | Siege Workshop |
| 14:32 | Queue | Woad Raider |
| 14:32 | Queue | Woad Raider |
| 15:33 | Queue | Mangonel |
| 15:33 | Queue | Mangonel |
| 15:53 | Build | Farm |
| 15:55 | Build | Farm |
| 16:56 | Queue | Woad Raider |
| 17:02 | Build | Lumber Camp |
| 17:07 | Queue | Scorpion |
| 17:41 | Queue | Villager (Male) |
| 18:15 | Queue | Scorpion |
| 19:12 | Queue | Villager (Male) |
| 19:21 | Build | Mining Camp |
| 19:51 | Build | Palisade Gate |
| 20:18 | Build | Palisade Gate |
| 20:20 | Build | Palisade Gate |
| 20:21 | Build | Palisade Wall |
| 20:30 | Build | House |
| 20:32 | Build | House |
| 21:10 | Queue | Woad Raider |
| 21:13 | Queue | Villager (Male) |
| 22:39 | Queue | Villager (Male) |
| 22:53 | Build | Farm |
| 23:24 | Queue | Woad Raider |
| 23:29 | Queue | Villager (Male) |
| 23:48 | Queue | Villager (Male) |
| 23:59 | Build | Farm |
Build order — m4rco
146 actions detected in the replay
| 0:00 | Queue | Villager (Male) |
| 0:01 | Queue | Villager (Male) |
| 0:01 | Queue | Villager (Male) |
| 0:05 | Build | House |
| 0:23 | Queue | Villager (Male) |
| 1:17 | Queue | Villager (Male) |
| 1:50 | Build | Lumber Camp |
| 1:53 | Queue | Villager (Male) |
| 2:08 | Queue | Villager (Male) |
| 2:52 | Queue | Villager (Male) |
| 3:10 | Build | House |
| 3:15 | Build | Palisade Wall |
| 3:17 | Build | Palisade Wall |
| 3:24 | Queue | Villager (Male) |
| 3:32 | Queue | Villager (Male) |
| 4:11 | Queue | Villager (Male) |
| 4:24 | Build | Mill |
| 4:27 | Queue | Villager (Male) |
| 4:36 | Build | Palisade Wall |
| 4:38 | Build | Palisade Wall |
| 4:54 | Build | Palisade Wall |
| 4:57 | Queue | Villager (Male) |
| 5:13 | Queue | Villager (Male) |
| 5:23 | Build | House |
| 5:30 | Queue | Villager (Male) |
| 5:36 | Build | Palisade Wall |
| 5:44 | Build | Palisade Wall |
| 5:58 | Research | Loom |
| 6:34 | Build | Palisade Wall |
| 6:36 | Build | Palisade Wall |
| 6:43 | Queue | Villager (Male) |
| 7:08 | Queue | Villager (Male) |
| 7:42 | Research | Feudal Age |
| 8:17 | Build | Barracks |
| 8:29 | Build | Palisade Wall |
| 8:42 | Queue | Villager (Male) |
| 9:25 | Build | Mining Camp |
| 9:36 | Queue | Villager (Male) |
| 9:52 | Age | Feudal Age |
| 10:05 | Build | Archery Range |
| 10:15 | Research | Double-Bit Axe |
| 10:21 | Build | House |
| 10:36 | Build | House |
| 10:37 | Queue | Villager (Male) |
| 10:48 | Queue | Archer |
| 10:53 | Queue | Villager (Male) |
| 11:04 | Queue | Archer |
| 11:14 | Build | Palisade Gate |
| 11:16 | Queue | Villager (Male) |
| 11:28 | Build | Farm |
| 11:30 | Build | Farm |
| 11:36 | Queue | Villager (Male) |
| 11:37 | Queue | Archer |
| 12:12 | Queue | Villager (Male) |
| 12:12 | Queue | Archer |
| 12:16 | Build | Farm |
| 12:19 | Queue | Villager (Male) |
| 12:39 | Build | Blacksmith |
| 12:41 | Queue | Villager (Male) |
| 13:01 | Build | Watch Tower |
| 13:01 | Queue | Villager (Male) |
| 13:08 | Queue | Archer |
| 13:17 | Research | Fletching |
| 13:28 | Build | Mining Camp |
| 13:34 | Queue | Archer |
| 13:35 | Queue | Villager (Male) |
| 13:39 | Build | House |
| 14:00 | Queue | Archer |
| 14:07 | Build | House |
| 14:08 | Build | House |
| 14:13 | Build | House |
| 14:36 | Queue | Villager (Male) |
| 14:58 | Build | Archery Range |
| 15:05 | Queue | Archer |
| 15:06 | Queue | Villager (Male) |
| 15:17 | Build | House |
| 15:27 | Queue | Archer |
| 15:27 | Queue | Villager (Male) |
| 15:31 | Queue | Archer |
| 15:48 | Queue | Archer |
| 15:50 | Queue | Villager (Male) |
| 15:56 | Build | Watch Tower |
| 16:04 | Build | Watch Tower |
| 16:08 | Queue | Archer |
| 16:09 | Queue | Villager (Male) |
| 16:10 | Queue | Archer |
| 16:21 | Build | House |
| 16:25 | Build | House |
| 16:26 | Queue | Archer |
| 16:36 | Queue | Villager (Male) |
| 16:57 | Queue | Archer |
| 16:58 | Queue | Villager (Male) |
| 17:10 | Queue | Archer |
| 17:22 | Queue | Villager (Male) |
| 17:23 | Queue | Archer |
| 17:26 | Build | Farm |
| 17:26 | Build | Farm |
| 17:44 | Build | House |
| 17:46 | Build | House |
| 17:47 | Build | House |
| 17:52 | Build | Watch Tower |
| 17:55 | Queue | Villager (Male) |
| 18:02 | Build | House |
| 18:10 | Queue | Villager (Male) |
| 18:19 | Build | House |
| 18:30 | Queue | Villager (Male) |
| 18:47 | Queue | Villager (Male) |
| 19:10 | Queue | Villager (Male) |
| 19:22 | Queue | Villager (Male) |
| 19:26 | Build | Palisade Wall |
| 19:28 | Build | Palisade Wall |
| 19:28 | Build | Palisade Wall |
| 19:29 | Build | Palisade Wall |
| 19:32 | Queue | Archer |
| 19:32 | Queue | Villager (Male) |
| 19:44 | Build | Mining Camp |
| 19:46 | Build | Mining Camp |
| 20:03 | Queue | Archer |
| 20:04 | Queue | Villager (Male) |
| 20:06 | Build | Outpost |
| 20:18 | Build | House |
| 20:19 | Build | House |
| 20:21 | Queue | Archer |
| 20:23 | Build | Farm |
| 20:23 | Build | Farm |
| 20:44 | Queue | Villager (Male) |
| 21:03 | Queue | Villager (Male) |
| 21:03 | Queue | Archer |
| 21:14 | Build | Watch Tower |
| 21:17 | Queue | Villager (Male) |
| 21:40 | Queue | Archer |
| 21:44 | Build | House |
| 21:46 | Build | House |
| 22:15 | Queue | Villager (Male) |
| 22:35 | Build | Stable |
| 22:46 | Build | Palisade Wall |
| 22:48 | Queue | Villager (Male) |
| 22:57 | Queue | Archer |
| 23:14 | Queue | Villager (Male) |
| 23:22 | Build | Farm |
| 23:23 | Build | Farm |
| 23:24 | Build | Farm |
| 23:25 | Build | Farm |
| 23:34 | Build | Lumber Camp |
| 23:49 | Build | Market |
| 24:11 | Build | Watch Tower |
Match timeline
| 3:15 | m4rco · wall_segment Palisade Wall x4 |
| 3:17 | m4rco · wall_segment Palisade Wall x4 |
| 4:36 | m4rco · wall_segment Palisade Wall x4 |
| 4:38 | m4rco · wall_segment Palisade Wall x5 |
| 4:54 | m4rco · wall_segment Palisade Wall x1 |
| 5:36 | m4rco · wall_segment Palisade Wall x3 |
| 5:44 | m4rco · wall_segment Palisade Wall x8 |
| 6:34 | m4rco · wall_segment Palisade Wall x7 |
| 6:36 | m4rco · wall_segment Palisade Wall x1 |
| 8:17 | m4rco · first_building Barracks |
| 8:29 | m4rco · wall_segment Palisade Wall x13 |
| 9:52 | m4rco · age_up feudal |
| 10:05 | m4rco · first_building Archery Range |
| 10:08 | Savage · age_up feudal |
| 13:38 | Savage · age_up castle |
| 13:44 | Savage · first_building Castle |
| 13:57 | Savage · first_building Siege Workshop |
| 15:29 | Savage · first_market_buy 100 wood |
| 18:11 | Savage · first_market_sell 100 wood |
| 19:26 | m4rco · wall_segment Palisade Wall x5 |
| 19:28 | m4rco · wall_segment Palisade Wall x4 |
| 19:28 | m4rco · wall_segment Palisade Wall x2 |
| 19:29 | m4rco · wall_segment Palisade Wall x1 |
| 20:21 | Savage · wall_segment Palisade Wall x1 |
| 22:35 | m4rco · first_building Stable |
| 22:46 | m4rco · wall_segment Palisade Wall x1 |
| 24:12 | Savage · resign |
[ AI ANALYSIS · 1 CREDIT ]
What really happened in this match?
Wolo.gg analyzes every decision: build order, eco, micro, common mistakes by bracket. Personalized analysis on WhatsApp or Discord in 30 seconds.
Civ guide
Celts
Perfil
Jugador #11924411